Connexion

Admirals vs Wild

Created - 13 décembre 2023 at 05:48

Goals
1 2 3 T
Admirals 2 4 0 6
Wild 0 0 3 3
Shots
1 2 3 T
Admirals 11 12 8 31
Wild 4 11 23 38

GoalsPenalties
1st period
1. Admirals , Joseph Cramarossa 19 (William Bitten 17, Kevin Stenlund 28) at 14:13 (PP)
2. Admirals , Kevin Stenlund 24 (Guillaume Brisebois 23, William Bitten 18) at 17:46
Dillon Simpson (IOW) for Hooking (Minor) at 2:42
Ben Gleason (IOW) for Tripping (Minor) at 9:47
Taylor Raddysh (IOW) for Tripping (Minor) at 13:59
2nd period
3. Admirals , Kristians Rubins 9 (Garrett Wilson 22, Mike Reilly 19) at 0:10
4. Admirals , John Quenneville 9 (David Kampf 30, CJ Suess 24) at 11:30
5. Admirals , Kevin Stenlund 25 (Joseph Cramarossa 17, William Bitten 19) at 13:17
6. Admirals , Garrett Wilson 18 (Oskar Steen 18, Mike Reilly 20) at 16:40
Jeremy Gregoire (IOW) for Fighting (Major) at 3:52
Joseph Cramarossa (MIL) for Fighting (Major) at 3:52
Jeremy Gregoire (IOW) for instigated a fight (Game Misconduct) at 3:52
Lukas Jasek (IOW) for Tripping (Minor) at 9:13
Eemeli Rasanen (IOW) for Hooking (Minor) at 19:22
3rd period
7. Wild , Anthony Louis 18 (Taylor Raddysh 21, Ben Gleason 41) at 3:40
8. Wild , Joseph Gambardella 21 (Anders Bjork 17, Connor Hobbs 10) at 9:07 (PP)
9. Wild , Tanner Pearson 15 (Anders Bjork 18, Dillon Simpson 20) at 18:06
Garrett Wilson (MIL) for Goalie Interference (Minor) at 4:34
Joseph Cramarossa (MIL) for Tripping (Minor) at 8:23
Goalie Stats
Michael Houser (MIL), 35 saves from 38 shots - (0,921), W, 14-14-2, 60:00 minutes
Shane Starrett (IOW), 11 saves from 13 shots - (0,846), 28:30 minutes
Maxime Lagace (IOW), 14 saves from 18 shots - (0,778), L, 24-13-0, 31:30 minutes
3 StarsOfficial
1 - Kevin Stenlund (MIL)
2 - William Bitten (MIL)
3 - Garrett Wilson (MIL)
Referees : Brad Watson and Frederick L'Ecuyer
Linesman : Lyle Seitz and Mark Pare
Game Note
Jeremy Gregoire beats up Joseph Cramarossa at 3:52 of 2nd period
Jeremy Gregoire (IOW) for instigated a fight (Game Misconduct) at 3:52
Jeremy Gregoire ejected from game at 3:52 of 2nd period
Shane Starrett enters game at 11:30 of 2nd period
Finance
Level 1 -- Attendance: 1576 (78,80%) -- Ticket Income $63,040
Level 2 -- Attendance: 957 (95,70%) -- Ticket Income $19,140
Total Attendance: 2533 (84,43%)
Total Ticket Income: $82,180
Other Income: $16,436
Total Income: $98,616



Team Name Goals Shots Shots Attemp Shots Blocked PIM HIT PP PK FO%
Admirals 63170139211 / 6 (17%)151%
Wild 338771127241 / 2 (50%)149%

Admirals
Player Name POS G A P +/- PIM HIT SHT SB MP PP MP PP SHT PK MP PK SHT FO% FOT
Anthony FlorentinoD0000011013:060:2600:0000% 0
CJ SuessLW0110001010:550:2600:0900% 0
David KampfC/RW0110003010:460:2600:0000% 1
Garrett PilonC000001017:220:0001:28069% 13
Garrett WilsonLW1121244021:234:4110:44043% 7
Guillaume BriseboisD0112023223:005:1021:1000% 0
Jeremy RoyD0000020313:060:2600:0000% 0
John QuennevilleC1010032012:511:3700:00067% 9
Joseph CramarossaC/LW1122742017:503:5110:00050% 2
Kevin StenlundC2132003220:285:0200:31050% 26
Kristians RubinsD1011022223:544:3301:3300% 0
Mike ReillyD0221000123:544:3301:3300% 0
Mitchell MorozLW000000005:540:0000:0000% 0
Nick EbertD0002000123:005:1001:1000% 0
Oskar SteenC0111013023:044:4102:24044% 27
Paul ThompsonRW0001014120:504:4110:1000% 2
Vincent PraplanC/RW000000105:540:0000:0000% 0
William BittenRW0332002019:575:0210:000100% 1
Wild
Player Name POS G A P +/- PIM HIT SHT SB MP PP MP PP SHT PK MP PK SHT FO% FOT
Anders BjorkLW/RW022-1012124:231:5706:30125% 4
Anthony LouisC/LW101-1004015:540:4600:140100% 2
Antti SuomelaC000-101308:520:0000:00057% 14
Ben GleasonD0110202219:531:3014:2300% 0
Ben ThomasD000-1012015:000:0000:0000% 0
Connor HobbsD0110040320:531:3005:2200% 0
Danick MartelC/LW000-1012019:050:4603:25040% 20
Dillon SimpsonD011-2212024:201:1303:4800% 0
Eemeli RasanenD000-1221315:440:0001:5800% 0
Jalen ChatfieldD000-2010024:071:1304:4700% 0
Jeremy GregoireC/LW/RW0000170005:180:0000:00050% 4
Joseph GambardellaC/LW101-1013021:181:5723:25038% 26
Kasper BjorkqvistLW/RW000-1022114:070:0000:42033% 3
Lukas JasekC/RW000020302:520:0000:00050% 4
Michael MerschLW/RW000-1021013:250:0000:0000% 0
Ryan KuffnerLW000000102:530:0000:000100% 1
Tanner PearsonLW101-1046126:021:5716:02080% 10
Taylor RaddyshRW011-1234015:390:4600:0000% 0



Play-by-Play

1st period


0:01 of 1st period - Oskar Steen wins face-off versus Joseph Gambardella in neutral zone.
0:01 of 1st period - Mike Reilly is hit by Joseph Gambardella and loses puck.
2:29 of 1st period - Shot by Lukas Jasek.
2:29 of 1st period - Stopped by Michael Houser with a rebound.
2:31 of 1st period - Shot by Lukas Jasek.
2:31 of 1st period - Stopped by Michael Houser without a rebound.
2:32 of 1st period - Joseph Gambardella wins face-off versus John Quenneville in Admirals zone.
2:42 of 1st period - Minor Penalty to Dillon Simpson for Hooking.
2:43 of 1st period - Oskar Steen wins face-off versus Tanner Pearson in Wild zone.
3:02 of 1st period - Shot by Garrett Wilson.
3:02 of 1st period - Stopped by Maxime Lagace without a rebound.
3:03 of 1st period - Kevin Stenlund wins face-off versus Anders Bjork in Wild zone.
4:49 of 1st period - Shot by Vincent Praplan.
4:49 of 1st period - Stopped by Maxime Lagace without a rebound.
4:50 of 1st period - Jeremy Gregoire wins face-off versus Garrett Pilon in Wild zone.
5:38 of 1st period - John Quenneville is hit by Michael Mersch.
5:48 of 1st period - Shot by David Kampf.
5:48 of 1st period - Stopped by Maxime Lagace with a rebound.
6:38 of 1st period - Shot by Kristians Rubins.
6:38 of 1st period - Shot Misses the Net.
6:47 of 1st period - Icing by Connor Hobbs.
6:48 of 1st period - Joseph Gambardella wins face-off versus Kevin Stenlund in Wild zone.
8:11 of 1st period - Garrett Wilson is hit by Taylor Raddysh and loses puck.
8:17 of 1st period - Off-side.
8:18 of 1st period - Garrett Pilon wins face-off versus Lukas Jasek in neutral zone.
8:39 of 1st period - Icing by Lukas Jasek.
8:40 of 1st period - Lukas Jasek wins face-off versus Paul Thompson in Wild zone.
8:42 of 1st period - Dillon Simpson is hit by Garrett Wilson and loses puck.
9:10 of 1st period - Icing by Ryan Kuffner.
9:11 of 1st period - Tanner Pearson wins face-off versus Kevin Stenlund in Wild zone.
9:33 of 1st period - Icing by William Bitten.
9:34 of 1st period - Danick Martel wins face-off versus Kevin Stenlund in Admirals zone.
9:38 of 1st period - Icing by William Bitten.
9:39 of 1st period - Kevin Stenlund wins face-off versus Danick Martel in Admirals zone.
9:47 of 1st period - Minor Penalty to Ben Gleason for Tripping.
9:48 of 1st period - Kasper Bjorkqvist wins face-off versus Oskar Steen in Wild zone.
11:31 of 1st period - Icing by Garrett Wilson.
11:32 of 1st period - Oskar Steen wins face-off versus Joseph Gambardella in Admirals zone.
11:36 of 1st period - Icing by Mike Reilly.
11:37 of 1st period - Oskar Steen wins face-off versus Kasper Bjorkqvist in Admirals zone.
12:52 of 1st period - Shot by Michael Mersch.
12:52 of 1st period - Deflect By Kasper Bjorkqvist.
12:52 of 1st period - Shot Blocked by Guillaume Brisebois.
13:02 of 1st period - Shot by Guillaume Brisebois.
13:02 of 1st period - Stopped by Maxime Lagace without a rebound.
13:03 of 1st period - Oskar Steen wins face-off versus Joseph Gambardella in Wild zone.
13:10 of 1st period - Shot by Garrett Wilson.
13:10 of 1st period - Shot Misses the Net.
13:30 of 1st period - Shot by Paul Thompson.
13:30 of 1st period - Stopped by Maxime Lagace with a rebound.
13:36 of 1st period - Shot by Oskar Steen.
13:36 of 1st period - Stopped by Maxime Lagace with a rebound.
13:44 of 1st period - Shot by Oskar Steen.
13:44 of 1st period - Shot Misses the Net.
13:59 of 1st period - Minor Penalty to Taylor Raddysh for Tripping.
14:00 of 1st period - Kevin Stenlund wins face-off versus Kasper Bjorkqvist in Wild zone.
14:11 of 1st period - Shot by William Bitten.
14:11 of 1st period - Shot Misses the Net.
14:13 of 1st period - Shot by Joseph Cramarossa.
14:13 of 1st period - Goal by Joseph Cramarossa - Admirals : 1 - Wild : 0.
14:14 of 1st period - John Quenneville wins face-off versus Danick Martel in neutral zone.
14:30 of 1st period - Shot by Anthony Louis.
14:30 of 1st period - Stopped by Michael Houser without a rebound.
14:31 of 1st period - Kevin Stenlund wins face-off versus Jeremy Gregoire in Admirals zone.
14:42 of 1st period - Shot by Kevin Stenlund.
14:42 of 1st period - Shot Misses the Net.
15:11 of 1st period - Ben Thomas is hit by Joseph Cramarossa and loses puck.
15:52 of 1st period - Shot by Paul Thompson.
15:52 of 1st period - Shot Misses the Net.
15:54 of 1st period - Shot by Nick Ebert.
15:54 of 1st period - Deflect By Oskar Steen.
15:54 of 1st period - Shot Misses the Net.
15:56 of 1st period - Shot by Garrett Wilson.
15:56 of 1st period - Stopped by Maxime Lagace with a rebound.
16:22 of 1st period - Ben Gleason is hit by John Quenneville and loses puck.
17:44 of 1st period - Shot by Kevin Stenlund.
17:44 of 1st period - Shot Misses the Net.
17:46 of 1st period - Shot by Kevin Stenlund.
17:46 of 1st period - Goal by Kevin Stenlund - Admirals : 2 - Wild : 0.
17:47 of 1st period - Ryan Kuffner wins face-off versus Oskar Steen in neutral zone.
17:47 of 1st period - Tanner Pearson is hit by Oskar Steen and loses puck.
17:52 of 1st period - Shot by Ryan Kuffner.
17:52 of 1st period - Stopped by Michael Houser with a rebound.
17:54 of 1st period - Shot by Ryan Kuffner.
17:54 of 1st period - Shot Hit the Post.
18:52 of 1st period - Shot by Joseph Cramarossa.
18:52 of 1st period - Shot Blocked by Connor Hobbs.
19:09 of 1st period - Danick Martel is hit by Guillaume Brisebois.
19:43 of 1st period - Shot by John Quenneville.
19:43 of 1st period - Shot Blocked by Anders Bjork.
19:45 of 1st period - Shot by David Kampf.
19:45 of 1st period - Stopped by Maxime Lagace with a rebound.
19:49 of 1st period - Shot by David Kampf.
19:49 of 1st period - Deflect By John Quenneville.
19:49 of 1st period - Stopped by Maxime Lagace with a rebound.
19:51 of 1st period - Shot by David Kampf.
19:51 of 1st period - Shot Misses the Net.
19:53 of 1st period - Shot by David Kampf.
19:53 of 1st period - Shot Misses the Net.
Goals for this period are 2 for Admirals vs 0 for Wild.
Shots for this period are 11 for Admirals vs 4 for Wild.

2nd period


0:01 of 2nd period - Joseph Gambardella wins face-off versus Oskar Steen in neutral zone.
0:08 of 2nd period - Shot by Garrett Wilson.
0:08 of 2nd period - Shot Misses the Net.
0:10 of 2nd period - Shot by Kristians Rubins.
0:10 of 2nd period - Goal by Kristians Rubins - Admirals : 3 - Wild : 0.
0:11 of 2nd period - Kevin Stenlund wins face-off versus Danick Martel in neutral zone.
0:16 of 2nd period - Icing by Taylor Raddysh.
0:17 of 2nd period - Anthony Louis wins face-off versus Garrett Wilson in Wild zone.
0:48 of 2nd period - Shot by Paul Thompson.
0:48 of 2nd period - Stopped by Maxime Lagace without a rebound.
0:49 of 2nd period - Joseph Gambardella wins face-off versus Kevin Stenlund in Wild zone.
0:49 of 2nd period - Joseph Gambardella is hit by Joseph Cramarossa.
1:38 of 2nd period - Icing by Guillaume Brisebois.
1:39 of 2nd period - Kevin Stenlund wins face-off versus Danick Martel in Admirals zone.
1:54 of 2nd period - Shot by Danick Martel.
1:54 of 2nd period - Stopped by Michael Houser with a rebound.
2:08 of 2nd period - Shot by Anthony Louis.
2:08 of 2nd period - Stopped by Michael Houser without a rebound.
2:09 of 2nd period - Jeremy Gregoire wins face-off versus Oskar Steen in Admirals zone.
2:26 of 2nd period - Shot by Jeremy Gregoire.
2:26 of 2nd period - Shot Misses the Net.
2:28 of 2nd period - Shot by Michael Mersch.
2:28 of 2nd period - Stopped by Michael Houser without a rebound.
2:29 of 2nd period - John Quenneville wins face-off versus Joseph Gambardella in Admirals zone.
2:34 of 2nd period - Jalen Chatfield is hit by John Quenneville and loses puck.
3:19 of 2nd period - Joseph Gambardella is hit by Anthony Florentino and loses puck.
3:30 of 2nd period - Shot by Taylor Raddysh.
3:30 of 2nd period - Stopped by Michael Houser without a rebound.
3:31 of 2nd period - Danick Martel wins face-off versus Oskar Steen in Admirals zone.
3:45 of 2nd period - Shot by Ben Gleason.
3:45 of 2nd period - Stopped by Michael Houser without a rebound.
3:46 of 2nd period - Joseph Cramarossa wins face-off versus Jeremy Gregoire in Admirals zone.
3:52 of 2nd period - Jeremy Gregoire beats up Joseph Cramarossa.
3:52 of 2nd period - Penalty to Jeremy Gregoire for Fighting.
3:52 of 2nd period - Penalty to Joseph Cramarossa for Fighting.
3:52 of 2nd period - Penalty to Jeremy Gregoire for instigated a fight.
3:52 of 2nd period - Jeremy Gregoire is ejected from game.
3:53 of 2nd period - Tanner Pearson wins face-off versus Oskar Steen in Wild zone.
3:53 of 2nd period - Tanner Pearson is hit by Garrett Wilson.
4:10 of 2nd period - Connor Hobbs is hit by Garrett Wilson and loses puck.
4:46 of 2nd period - Shot by Guillaume Brisebois.
4:46 of 2nd period - Stopped by Maxime Lagace with a rebound.
4:48 of 2nd period - Shot by William Bitten.
4:48 of 2nd period - Stopped by Maxime Lagace without a rebound.
4:49 of 2nd period - Joseph Gambardella wins face-off versus Kevin Stenlund in Wild zone.
5:00 of 2nd period - Shot by Guillaume Brisebois.
5:00 of 2nd period - Stopped by Maxime Lagace without a rebound.
5:01 of 2nd period - Kevin Stenlund wins face-off versus Anders Bjork in Wild zone.
5:39 of 2nd period - Icing by Kevin Stenlund.
5:40 of 2nd period - Tanner Pearson wins face-off versus Kevin Stenlund in Admirals zone.
5:43 of 2nd period - Shot by Anders Bjork.
5:43 of 2nd period - Stopped by Michael Houser with a rebound.
5:52 of 2nd period - Off-side.
5:53 of 2nd period - Oskar Steen wins face-off versus Danick Martel in neutral zone.
6:12 of 2nd period - Garrett Wilson is hit by Danick Martel and loses puck.
6:16 of 2nd period - Icing by Mike Reilly.
6:17 of 2nd period - Oskar Steen wins face-off versus Antti Suomela in Admirals zone.
6:17 of 2nd period - Oskar Steen is hit by Kasper Bjorkqvist.
6:20 of 2nd period - Icing by Garrett Wilson.
6:21 of 2nd period - Oskar Steen wins face-off versus Antti Suomela in Admirals zone.
8:02 of 2nd period - Icing by Anders Bjork.
8:03 of 2nd period - Garrett Pilon wins face-off versus Joseph Gambardella in Wild zone.
8:03 of 2nd period - Mitchell Moroz is hit by Connor Hobbs.
8:21 of 2nd period - Garrett Pilon is hit by Eemeli Rasanen and loses puck.
8:36 of 2nd period - Shot by Vincent Praplan.
8:36 of 2nd period - Shot Misses the Net.
8:38 of 2nd period - Shot by Mitchell Moroz.
8:38 of 2nd period - Shot Blocked by Eemeli Rasanen.
8:58 of 2nd period - Shot by Oskar Steen.
8:58 of 2nd period - Deflect By Garrett Wilson.
8:58 of 2nd period - Stopped by Maxime Lagace without a rebound.
8:59 of 2nd period - Antti Suomela wins face-off versus John Quenneville in Wild zone.
9:10 of 2nd period - Shot by Dillon Simpson.
9:10 of 2nd period - Stopped by Michael Houser without a rebound.
9:11 of 2nd period - Lukas Jasek wins face-off versus Oskar Steen in Admirals zone.
9:13 of 2nd period - Minor Penalty to Lukas Jasek for Tripping.
9:14 of 2nd period - Tanner Pearson wins face-off versus Oskar Steen in Wild zone.
9:31 of 2nd period - Shot by Oskar Steen.
9:31 of 2nd period - Shot Misses the Net.
10:50 of 2nd period - Off-side.
10:51 of 2nd period - Tanner Pearson wins face-off versus Garrett Wilson in neutral zone.
11:28 of 2nd period - Shot by David Kampf.
11:28 of 2nd period - Shot Blocked by Eemeli Rasanen.
11:30 of 2nd period - Shot by John Quenneville.
11:30 of 2nd period - Goal by John Quenneville - Admirals : 4 - Wild : 0.
11:30 of 2nd period - Shane Starrett enters game.
11:31 of 2nd period - Garrett Pilon wins face-off versus Danick Martel in neutral zone.
11:37 of 2nd period - Shot by Anthony Louis.
11:37 of 2nd period - Shot Misses the Net.
11:39 of 2nd period - Shot by Eemeli Rasanen.
11:39 of 2nd period - Shot Blocked by Jeremy Roy.
11:41 of 2nd period - Shot by Anthony Louis.
11:41 of 2nd period - Shot Blocked by Jeremy Roy.
11:51 of 2nd period - Shot by Taylor Raddysh.
11:51 of 2nd period - Shot Blocked by Garrett Pilon.
12:07 of 2nd period - Shot by Taylor Raddysh.
12:07 of 2nd period - Stopped by Michael Houser without a rebound.
12:08 of 2nd period - Anders Bjork wins face-off versus Oskar Steen in Admirals zone.
12:16 of 2nd period - Anders Bjork is hit by Kristians Rubins and loses puck.
12:42 of 2nd period - Icing by Jalen Chatfield.
12:43 of 2nd period - Kevin Stenlund wins face-off versus Anders Bjork in Wild zone.
12:46 of 2nd period - Shot by Joseph Cramarossa.
12:46 of 2nd period - Deflect By William Bitten.
12:46 of 2nd period - Shot Misses the Net.
12:55 of 2nd period - Icing by William Bitten.
12:56 of 2nd period - Danick Martel wins face-off versus Kevin Stenlund in Admirals zone.
12:57 of 2nd period - Shot by Connor Hobbs.
12:57 of 2nd period - Shot Misses the Net.
13:11 of 2nd period - Shot by William Bitten.
13:11 of 2nd period - Shot Misses the Net.
13:13 of 2nd period - Shot by Joseph Cramarossa.
13:13 of 2nd period - Shot Misses the Net.
13:15 of 2nd period - Shot by Kevin Stenlund.
13:15 of 2nd period - Shot Misses the Net.
13:17 of 2nd period - Shot by Kevin Stenlund.
13:17 of 2nd period - Goal by Kevin Stenlund - Admirals : 5 - Wild : 0.
13:18 of 2nd period - Antti Suomela wins face-off versus Oskar Steen in neutral zone.
13:28 of 2nd period - Paul Thompson is hit by Antti Suomela and loses puck.
13:35 of 2nd period - Shot by Antti Suomela.
13:35 of 2nd period - Shot Blocked by Kristians Rubins.
13:49 of 2nd period - Shot by Antti Suomela.
13:49 of 2nd period - Deflect By Kasper Bjorkqvist.
13:49 of 2nd period - Stopped by Michael Houser without a rebound.
13:50 of 2nd period - Kevin Stenlund wins face-off versus Joseph Gambardella in Admirals zone.
14:50 of 2nd period - Icing by Joseph Cramarossa.
14:51 of 2nd period - Kevin Stenlund wins face-off versus Antti Suomela in Admirals zone.
15:19 of 2nd period - Shot by Garrett Wilson.
15:19 of 2nd period - Deflect By Oskar Steen.
15:19 of 2nd period - Stopped by Shane Starrett without a rebound.
15:20 of 2nd period - John Quenneville wins face-off versus Danick Martel in Wild zone.
15:27 of 2nd period - Shot by John Quenneville.
15:27 of 2nd period - Deflect By CJ Suess.
15:27 of 2nd period - Shot Misses the Net.
15:44 of 2nd period - David Kampf is hit by Connor Hobbs and loses puck.
16:19 of 2nd period - Shot by Tanner Pearson.
16:19 of 2nd period - Shot Blocked by Mike Reilly.
16:24 of 2nd period - Garrett Wilson is hit by Tanner Pearson and loses puck.
16:33 of 2nd period - Shot by Oskar Steen.
16:33 of 2nd period - Stopped by Shane Starrett with a rebound.
16:36 of 2nd period - Garrett Wilson is hit by Jalen Chatfield.
16:38 of 2nd period - Shot by Oskar Steen.
16:38 of 2nd period - Shot Misses the Net.
16:40 of 2nd period - Shot by Garrett Wilson.
16:40 of 2nd period - Goal by Garrett Wilson - Admirals : 6 - Wild : 0.
16:41 of 2nd period - Garrett Pilon wins face-off versus Antti Suomela in neutral zone.
16:47 of 2nd period - Mitchell Moroz is hit by Ben Thomas and loses puck.
16:50 of 2nd period - Shot by Vincent Praplan.
16:50 of 2nd period - Shot Misses the Net.
16:52 of 2nd period - Shot by Mitchell Moroz.
16:52 of 2nd period - Shot Misses the Net.
17:02 of 2nd period - Shot by Antti Suomela.
17:02 of 2nd period - Stopped by Michael Houser without a rebound.
17:03 of 2nd period - Garrett Wilson wins face-off versus Lukas Jasek in Admirals zone.
17:25 of 2nd period - Shot by Kristians Rubins.
17:25 of 2nd period - Stopped by Shane Starrett without a rebound.
17:26 of 2nd period - Kevin Stenlund wins face-off versus Danick Martel in Wild zone.
17:26 of 2nd period - Kevin Stenlund is hit by Connor Hobbs.
17:52 of 2nd period - Taylor Raddysh is hit by Joseph Cramarossa and loses puck.
17:58 of 2nd period - Joseph Cramarossa is hit by Connor Hobbs and loses puck.
18:35 of 2nd period - Shot by Joseph Gambardella.
18:35 of 2nd period - Shot Blocked by Kristians Rubins.
18:55 of 2nd period - Shot by Joseph Gambardella.
18:55 of 2nd period - Stopped by Michael Houser without a rebound.
18:56 of 2nd period - John Quenneville wins face-off versus Antti Suomela in Admirals zone.
19:12 of 2nd period - John Quenneville is hit by Eemeli Rasanen and loses puck.
19:21 of 2nd period - Shot by CJ Suess.
19:21 of 2nd period - Shot Misses the Net.
19:22 of 2nd period - Minor Penalty to Eemeli Rasanen for Hooking.
19:23 of 2nd period - Tanner Pearson wins face-off versus Kevin Stenlund in Wild zone.
19:44 of 2nd period - Shot by Joseph Cramarossa.
19:44 of 2nd period - Shot Blocked by Ben Gleason.
19:46 of 2nd period - Shot by Joseph Cramarossa.
19:46 of 2nd period - Shot Blocked by Tanner Pearson.
Goals for this period are 4 for Admirals vs 0 for Wild.
Shots for this period are 12 for Admirals vs 11 for Wild.

3rd period


0:01 of 3rd period - Tanner Pearson wins face-off versus Oskar Steen in neutral zone.
0:18 of 3rd period - Shot by Garrett Wilson.
0:18 of 3rd period - Shot Blocked by Ben Gleason.
0:20 of 3rd period - Shot by Paul Thompson.
0:20 of 3rd period - Stopped by Shane Starrett with a rebound.
0:22 of 3rd period - Shot by Mike Reilly.
0:22 of 3rd period - Shot Blocked by Connor Hobbs.
0:24 of 3rd period - Shot by Paul Thompson.
0:24 of 3rd period - Shot Misses the Net.
1:31 of 3rd period - Icing by Eemeli Rasanen.
1:32 of 3rd period - Antti Suomela wins face-off versus Garrett Pilon in Wild zone.
2:01 of 3rd period - Shot by Antti Suomela.
2:01 of 3rd period - Shot Misses the Net.
2:03 of 3rd period - Shot by Michael Mersch.
2:03 of 3rd period - Deflect By Antti Suomela.
2:03 of 3rd period - Stopped by Michael Houser without a rebound.
2:04 of 3rd period - Oskar Steen wins face-off versus Joseph Gambardella in Admirals zone.
2:13 of 3rd period - Shot by Paul Thompson.
2:13 of 3rd period - Shot Misses the Net.
2:28 of 3rd period - Icing by Dillon Simpson.
2:29 of 3rd period - Kevin Stenlund wins face-off versus Joseph Gambardella in Wild zone.
2:38 of 3rd period - Shot by Kevin Stenlund.
2:38 of 3rd period - Stopped by Shane Starrett with a rebound.
2:48 of 3rd period - Shot by Anders Bjork.
2:48 of 3rd period - Shot Misses the Net.
3:12 of 3rd period - Shot by Taylor Raddysh.
3:12 of 3rd period - Shot Blocked by Kevin Stenlund.
3:14 of 3rd period - Shot by Taylor Raddysh.
3:14 of 3rd period - Stopped by Michael Houser with a rebound.
3:36 of 3rd period - Shot by Anthony Louis.
3:36 of 3rd period - Shot Misses the Net.
3:38 of 3rd period - Shot by Taylor Raddysh.
3:38 of 3rd period - Shot Misses the Net.
3:40 of 3rd period - Shot by Anthony Louis.
3:40 of 3rd period - Goal by Anthony Louis - Admirals : 6 - Wild : 1.
3:41 of 3rd period - Antti Suomela wins face-off versus David Kampf in neutral zone.
4:09 of 3rd period - Shot by Antti Suomela.
4:09 of 3rd period - Shot Misses the Net.
4:11 of 3rd period - Shot by Ben Thomas.
4:11 of 3rd period - Deflect By Kasper Bjorkqvist.
4:11 of 3rd period - Shot Blocked by Jeremy Roy.
4:31 of 3rd period - Icing by Michael Mersch.
4:32 of 3rd period - Antti Suomela wins face-off versus Garrett Wilson in Wild zone.
4:34 of 3rd period - Minor Penalty to Garrett Wilson for Goalie Interference.
4:35 of 3rd period - Garrett Pilon wins face-off versus Joseph Gambardella in Admirals zone.
4:45 of 3rd period - Anders Bjork is hit by Kristians Rubins and loses puck.
5:02 of 3rd period - Shot by Joseph Gambardella.
5:02 of 3rd period - Shot Misses the Net.
5:04 of 3rd period - Shot by Joseph Gambardella.
5:04 of 3rd period - Stopped by Michael Houser without a rebound.
5:05 of 3rd period - Garrett Pilon wins face-off versus Danick Martel in Admirals zone.
5:05 of 3rd period - Nick Ebert is hit by Taylor Raddysh.
5:21 of 3rd period - Shot by Ben Gleason.
5:21 of 3rd period - Stopped by Michael Houser without a rebound.
5:22 of 3rd period - Garrett Pilon wins face-off versus Joseph Gambardella in Admirals zone.
5:36 of 3rd period - Jalen Chatfield is hit by Guillaume Brisebois and loses puck.
5:49 of 3rd period - Joseph Gambardella is hit by Garrett Pilon.
6:32 of 3rd period - Shot by Danick Martel.
6:32 of 3rd period - Shot Misses the Net.
6:56 of 3rd period - Shot by David Kampf.
6:56 of 3rd period - Deflect By CJ Suess.
6:56 of 3rd period - Shot Misses the Net.
7:00 of 3rd period - Shot by John Quenneville.
7:00 of 3rd period - Shot Misses the Net.
7:04 of 3rd period - Shot by David Kampf.
7:04 of 3rd period - Shot Blocked by Eemeli Rasanen.
7:06 of 3rd period - Shot by CJ Suess.
7:06 of 3rd period - Stopped by Shane Starrett with a rebound.
7:30 of 3rd period - Shot by Ryan Kuffner.
7:30 of 3rd period - Shot Misses the Net.
7:32 of 3rd period - Shot by Tanner Pearson.
7:32 of 3rd period - Stopped by Michael Houser without a rebound.
7:33 of 3rd period - Danick Martel wins face-off versus Garrett Pilon in Admirals zone.
8:12 of 3rd period - Shot by Anthony Louis.
8:12 of 3rd period - Shot Blocked by Nick Ebert.
8:23 of 3rd period - Minor Penalty to Joseph Cramarossa for Tripping.
8:24 of 3rd period - Joseph Gambardella wins face-off versus Garrett Wilson in Admirals zone.
8:25 of 3rd period - Shot by Tanner Pearson.
8:25 of 3rd period - Stopped by Michael Houser without a rebound.
8:26 of 3rd period - Garrett Wilson wins face-off versus Joseph Gambardella in Admirals zone.
8:26 of 3rd period - Garrett Wilson is hit by Tanner Pearson.
8:33 of 3rd period - Icing by Tanner Pearson.
8:34 of 3rd period - Garrett Wilson wins face-off versus Joseph Gambardella in Wild zone.
9:07 of 3rd period - Shot by Joseph Gambardella.
9:07 of 3rd period - Goal by Joseph Gambardella - Admirals : 6 - Wild : 2.
9:08 of 3rd period - Danick Martel wins face-off versus Kevin Stenlund in neutral zone.
9:15 of 3rd period - Shot by Anthony Louis.
9:15 of 3rd period - Stopped by Michael Houser without a rebound.
9:16 of 3rd period - Anthony Louis wins face-off versus Kevin Stenlund in Admirals zone.
9:21 of 3rd period - Shot by Taylor Raddysh.
9:21 of 3rd period - Stopped by Michael Houser with a rebound.
9:23 of 3rd period - Shot by Dillon Simpson.
9:23 of 3rd period - Stopped by Michael Houser without a rebound.
9:24 of 3rd period - Tanner Pearson wins face-off versus Paul Thompson in Admirals zone.
9:37 of 3rd period - Shot by Joseph Gambardella.
9:37 of 3rd period - Shot Misses the Net.
9:47 of 3rd period - Shot by Garrett Wilson.
9:47 of 3rd period - Deflect By Paul Thompson.
9:47 of 3rd period - Stopped by Shane Starrett without a rebound.
9:48 of 3rd period - Danick Martel wins face-off versus Kevin Stenlund in Wild zone.
10:04 of 3rd period - Icing by Joseph Cramarossa.
10:05 of 3rd period - Kevin Stenlund wins face-off versus Tanner Pearson in Admirals zone.
10:07 of 3rd period - Icing by Guillaume Brisebois.
10:08 of 3rd period - William Bitten wins face-off versus Joseph Gambardella in Admirals zone.
10:14 of 3rd period - Nick Ebert is hit by Tanner Pearson.
10:16 of 3rd period - Shot by William Bitten.
10:16 of 3rd period - Shot Misses the Net.
10:19 of 3rd period - Icing by Jalen Chatfield.
10:20 of 3rd period - Oskar Steen wins face-off versus Joseph Gambardella in Wild zone.
10:20 of 3rd period - Mike Reilly is hit by Dillon Simpson.
10:32 of 3rd period - Shot by Tanner Pearson.
10:32 of 3rd period - Shot Blocked by Paul Thompson.
10:34 of 3rd period - Shot by Anders Bjork.
10:34 of 3rd period - Shot Misses the Net.
10:38 of 3rd period - Shot by Joseph Gambardella.
10:38 of 3rd period - Deflect By Tanner Pearson.
10:38 of 3rd period - Stopped by Michael Houser without a rebound.
10:39 of 3rd period - Danick Martel wins face-off versus Kevin Stenlund in Admirals zone.
10:50 of 3rd period - Shot by Taylor Raddysh.
10:50 of 3rd period - Shot Misses the Net.
10:52 of 3rd period - Shot by Danick Martel.
10:52 of 3rd period - Shot Misses the Net.
10:54 of 3rd period - Shot by Taylor Raddysh.
10:54 of 3rd period - Shot Misses the Net.
10:56 of 3rd period - Shot by Danick Martel.
10:56 of 3rd period - Stopped by Michael Houser with a rebound.
11:37 of 3rd period - Shot by Anders Bjork.
11:37 of 3rd period - Stopped by Michael Houser with a rebound.
11:39 of 3rd period - Shot by Anders Bjork.
11:39 of 3rd period - Shot Misses the Net.
11:41 of 3rd period - Shot by Tanner Pearson.
11:41 of 3rd period - Shot Misses the Net.
11:43 of 3rd period - Shot by Joseph Gambardella.
11:43 of 3rd period - Shot Misses the Net.
12:34 of 3rd period - Shot by Michael Mersch.
12:34 of 3rd period - Shot Misses the Net.
12:36 of 3rd period - Shot by Kasper Bjorkqvist.
12:36 of 3rd period - Shot Misses the Net.
12:38 of 3rd period - Shot by Michael Mersch.
12:38 of 3rd period - Shot Blocked by Kevin Stenlund.
12:40 of 3rd period - Shot by Michael Mersch.
12:40 of 3rd period - Shot Blocked by Guillaume Brisebois.
12:42 of 3rd period - Shot by Eemeli Rasanen.
12:42 of 3rd period - Stopped by Michael Houser without a rebound.
12:43 of 3rd period - Oskar Steen wins face-off versus Danick Martel in Admirals zone.
13:37 of 3rd period - Shot by Lukas Jasek.
13:37 of 3rd period - Stopped by Michael Houser without a rebound.
13:38 of 3rd period - John Quenneville wins face-off versus Antti Suomela in Admirals zone.
13:38 of 3rd period - CJ Suess is hit by Kasper Bjorkqvist and loses puck.
13:47 of 3rd period - Shot by Ben Thomas.
13:47 of 3rd period - Stopped by Michael Houser without a rebound.
13:48 of 3rd period - Joseph Gambardella wins face-off versus Garrett Pilon in Admirals zone.
13:48 of 3rd period - Tanner Pearson is hit by Jeremy Roy and loses puck.
13:53 of 3rd period - Shot by Joseph Gambardella.
13:53 of 3rd period - Shot Misses the Net.
13:55 of 3rd period - Shot by Tanner Pearson.
13:55 of 3rd period - Shot Misses the Net.
13:57 of 3rd period - Shot by Tanner Pearson.
13:57 of 3rd period - Stopped by Michael Houser without a rebound.
13:58 of 3rd period - Joseph Gambardella wins face-off versus John Quenneville in Admirals zone.
14:00 of 3rd period - Tanner Pearson is hit by Jeremy Roy and loses puck.
14:17 of 3rd period - Shot by David Kampf.
14:17 of 3rd period - Stopped by Shane Starrett with a rebound.
14:19 of 3rd period - Shot by CJ Suess.
14:19 of 3rd period - Shot Misses the Net.
14:21 of 3rd period - Shot by Anthony Florentino.
14:21 of 3rd period - Stopped by Shane Starrett without a rebound.
14:22 of 3rd period - Danick Martel wins face-off versus Oskar Steen in Wild zone.
14:22 of 3rd period - Danick Martel is hit by Paul Thompson.
14:36 of 3rd period - Icing by Connor Hobbs.
14:37 of 3rd period - Garrett Pilon wins face-off versus Danick Martel in Wild zone.
14:50 of 3rd period - Icing by Mike Reilly.
14:51 of 3rd period - Garrett Pilon wins face-off versus Joseph Gambardella in Admirals zone.
14:51 of 3rd period - Garrett Pilon is hit by Tanner Pearson.
14:57 of 3rd period - Off-side.
14:58 of 3rd period - Joseph Gambardella wins face-off versus Oskar Steen in neutral zone.
15:03 of 3rd period - Shot by Tanner Pearson.
15:03 of 3rd period - Stopped by Michael Houser without a rebound.
15:04 of 3rd period - Oskar Steen wins face-off versus Joseph Gambardella in Admirals zone.
16:16 of 3rd period - Shot by William Bitten.
16:16 of 3rd period - Shot Blocked by Connor Hobbs.
16:18 of 3rd period - Shot by William Bitten.
16:18 of 3rd period - Deflect By Joseph Cramarossa.
16:18 of 3rd period - Stopped by Shane Starrett without a rebound.
16:19 of 3rd period - Antti Suomela wins face-off versus Kevin Stenlund in Wild zone.
16:19 of 3rd period - Antti Suomela is hit by Joseph Cramarossa.
16:36 of 3rd period - Shot by Kasper Bjorkqvist.
16:36 of 3rd period - Stopped by Michael Houser with a rebound.
16:38 of 3rd period - Shot by Ben Thomas.
16:38 of 3rd period - Stopped by Michael Houser with a rebound.
16:50 of 3rd period - Shot by Michael Mersch.
16:50 of 3rd period - Deflect By Antti Suomela.
16:50 of 3rd period - Stopped by Michael Houser without a rebound.
16:51 of 3rd period - John Quenneville wins face-off versus Danick Martel in Admirals zone.
16:51 of 3rd period - John Quenneville is hit by Taylor Raddysh.
17:44 of 3rd period - Dillon Simpson is hit by John Quenneville and loses puck.
17:51 of 3rd period - Jeremy Roy is hit by Anders Bjork and loses puck.
18:04 of 3rd period - Shot by Anders Bjork.
18:04 of 3rd period - Shot Misses the Net.
18:06 of 3rd period - Shot by Tanner Pearson.
18:06 of 3rd period - Goal by Tanner Pearson - Admirals : 6 - Wild : 3.
18:07 of 3rd period - Antti Suomela wins face-off versus Oskar Steen in neutral zone.
18:10 of 3rd period - Paul Thompson is hit by Michael Mersch and loses puck.
18:23 of 3rd period - Shot by Antti Suomela.
18:23 of 3rd period - Shot Misses the Net.
18:35 of 3rd period - Shot by Garrett Wilson.
18:35 of 3rd period - Shot Blocked by Kasper Bjorkqvist.
18:38 of 3rd period - Icing by Eemeli Rasanen.
18:39 of 3rd period - Antti Suomela wins face-off versus Joseph Cramarossa in Wild zone.
19:10 of 3rd period - Shot by William Bitten.
19:10 of 3rd period - Stopped by Shane Starrett without a rebound.
19:11 of 3rd period - Joseph Gambardella wins face-off versus Oskar Steen in Wild zone.
19:11 of 3rd period - Joseph Gambardella is hit by Garrett Wilson.
Goals for this period are 0 for Admirals vs 3 for Wild.
Shots for this period are 8 for Admirals vs 23 for Wild.